 Dungeon Crawl Stone Soup version 0.28.0-43-g3370ac3207 (webtiles) character file.

Game seed: 15395625086827747857

8 Tiocfaidh the Charlatan (level 2, 0/21 HPs)
             Began as a Formicid Artificer on Mar 26, 2022.
             Slain by a frilled lizard (1 damage)
             ... on level 2 of the Dungeon.
             The game lasted 00:02:28 (546 turns).

Tiocfaidh the Charlatan (Formicid Artificer)         Turns: 546, Time: 00:02:29

Health: 0/21       AC:  5    Str: 16    XL:     2   Next: 15%
Magic:  2/2        EV: 11    Int: 10    God:
Gold:   45         SH:  0    Dex: 11    Spells: 1/1 levels left

rFire   . . .      SeeInvis +   a - +0 club
rCold   . . .      Faith    .   (no shield)
rNeg    . . .      Spirit   .   b - +0 leather armour
rPois   .          Reflect  .   (helmet unavailable)
rElec   .          Harm     .   (no cloak)
rCorr   .          Rampage  .   g - +1 pair of gloves
Will    .....                   (no boots)
Stlth   +.........              (no amulet)
HPRegen 0.07/turn               (no ring)
MPRegen 0.08/turn               (no ring)

@: lethally poisoned (0 -> -9)
A: permanent stasis, dig shafts and tunnels, antennae 3, four strong arms
a: Dig, Shaft Self


You were on level 2 of the Dungeon.
You visited 1 branch of the dungeon, and saw 2 of its levels.

You collected 45 gold pieces.

Inventory:

Hand Weapons
 a - a +0 club (weapon)
Armour
 b - a +0 leather armour (worn)
 g - a +1 pair of gloves (worn)
Wands
 c - a wand of flame (15) (quivered)
 d - a wand of charming (15)
Scrolls
 h - a scroll of noise {unknown}
 i - a scroll of enchant armour {unknown}
Potions
 f - 2 potions of heal wounds {unknown}
 j - a potion of brilliance {unknown}
 k - a potion of lignification {unknown}
Miscellaneous
 e - a piece from Xom's chessboard (15/15)


   Skills:
 + Level 1.3 Fighting
 + Level 0.3 Maces & Flails
 + Level 2.2 Armour
 + Level 0.9 Dodging
 + Level 1.2 Stealth
 + Level 3.6 Evocations


You had one spell level left.
You didn't know any spells.
Your spell library was empty.

Dungeon Overview and Level Annotations

Branches:
Dungeon (2/15)

Altars:


Innate Abilities, Weirdness & Mutations

You cannot be hasted, slowed, berserked, paralysed or teleported.
You can dig through walls and to a lower floor.
You have a pair of large antennae on your head. (SInv)
Your four strong arms can wield two-handed weapons with a shield.


Message History

The helpless endoplasm fails to defend itself.
You hit the endoplasm but do no damage. The endoplasm freezes you.
You are frozen.
You hit the endoplasm.
The endoplasm is lightly wounded.
The endoplasm misses you.
You hit the endoplasm.
The endoplasm is moderately wounded.
The endoplasm barely misses you.
You barely miss the endoplasm.
The endoplasm is moderately wounded.
The endoplasm barely misses you. The endoplasm hits you.
You hit the endoplasm.
The endoplasm is heavily wounded.
The endoplasm hits you but does no damage.
You hit the endoplasm.
The endoplasm is severely wounded.
The kobold hits you but does no damage. The endoplasm freezes you.
You are frozen.
You hit the endoplasm.
You kill the endoplasm!
The kobold closely misses you. The kobold hits you but does no damage.
You are poisoned.
The frilled lizard bites you but does no damage.
You miss the frilled lizard.
You feel very sick. The kobold hits you but does no damage.
You are lethally poisoned!
The frilled lizard bites you.
You barely miss the frilled lizard.
* * * LOW HITPOINT WARNING * * *
You feel very sick. The kobold completely misses you.
The frilled lizard closely misses you.
You barely miss the frilled lizard.
* * * LOW HITPOINT WARNING * * *
You feel very sick. The kobold barely misses you. The frilled lizard bites you.
You die...

....###
.....S
##....###
........#
#.#####.$...#
K.......?...#
#<# #K# #@#
#.l.....#
#########


You could see a kobold and a frilled lizard.

Vanquished Creatures
  2 endoplasms
  2 goblins (D:1)
  A hobgoblin (D:1)
  A quokka (D:1)
6 creatures vanquished.

Notes
Turn   | Place    | Note
-------+----------+-------------------------------------------
     0 | D:1      | Tiocfaidh the Formicid Artificer began the quest for the
                  | Orb.
     0 | D:1      | Reached XP level 1. HP: 15/15 MP: 1/1
   433 | D:1      | Reached XP level 2. HP: 19/21 MP: 2/2
   546 | D:2      | HP: 1/21 [poisoned by a kobold]
   546 | D:2      | Slain by a frilled lizard

Illustrated notes

Levels and vault maps discovered:
D:1:      eino_arrival_tree_alley, layout_loops_cross
D:2:      layout_loops_ring, serial_shops, nicolae_shop_stone, uniq_robin

Action                   || total
-------------------------++-------
Melee: Club              ||    34
       Punch             ||     1
 Stab: Sleeping          ||     1
Armor: Leather armour    ||    14
Dodge: Dodged            ||    22
